 Dungeon Crawl Stone Soup version 0.24-a0-524-gf43b32f898 (webtiles) character file.

Game seed: 18404911978370005927

2315 KapersCrawl the Ducker (level 9, -6/50 HPs)
             Began as a Deep Elf Fire Elementalist on July 31, 2019.
             Was a Follower of Vehumet.
             Killed by miscasting Sticky Flame (13 damage)
             ... on level 8 of the Dungeon.
             The game lasted 00:32:52 (10645 turns).

KapersCrawl the Ducker (DEFE)                      Turns: 10645, Time: 00:32:53

Health: -6/50      AC: 12    Str:  8    XL:     9   Next: 18%
Magic:  14/18      EV: 14    Int: 26    God:    Vehumet [*.....]
Gold:   456        SH:  0    Dex: 19    Spells: 0/18 levels left

rFire    + . .     SeeInvis .   w - +0 hunting sling
rCold    . . .     Gourm    .   (no shield)
rNeg     . . .     Faith    .   L - +2 ring mail {rF+}
rPois    .         Spirit   .   n - +1 helmet
rElec    .         Reflect  .   (no cloak)
rCorr    .         Harm     .   b - +0 pair of gloves
MR       .....                  k - +1 pair of boots
Stlth    ++........             (no amulet)
HPRegen  0.16/turn              A - +4 ring of dexterity
MPRegen  0.16/turn              C - +5 ring of intelligence

@: very slightly contaminated, lightly drained, invisible
A: no striking features
a: Renounce Religion


You were on level 8 of the Dungeon.
You worshipped Vehumet.
Vehumet was aware of your devotion.
You were not hungry.

You visited 2 branches of the dungeon, and saw 9 of its levels.
You also visited: Sewer.

You collected 456 gold pieces.

Inventory:

Hand Weapons
 q - a +0 dagger of venom
 w - a +0 hunting sling (weapon)
Missiles
 d - 199 stones
 g - 66 sling bullets (quivered)
 u - 9 javelins
Armour
 b - a +0 pair of gloves (worn)
 k - a +1 pair of boots (worn)
 n - a +1 helmet (worn)
 L - a +2 ring mail of fire resistance (worn)
Jewellery
 A - a +4 ring of dexterity (left hand)
 C - a +5 ring of intelligence (right hand)
 E - an uncursed ring of stealth {unknown}
 I - an uncursed ring of ice {unknown}
 J - an uncursed ring of positive energy {unknown}
Wands
 s - a wand of polymorph (17)
 H - a wand of digging (7)
 O - a wand of random effects (12)
Scrolls
 h - 2 scrolls of remove curse
 t - a scroll of immolation {unknown}
 v - 2 scrolls of blinking
 x - a scroll of teleportation
 y - a scroll of enchant weapon {unknown}
 G - a scroll of amnesia
 M - a scroll of fear {unknown}
 N - a scroll of acquirement {unknown}
Potions
 e - 3 potions of curing {unknown}
 f - a potion of mutation {unknown}
 j - 2 potions of might
 l - 2 potions of heal wounds {unknown}
 m - a potion of degeneration {unknown}
 o - 2 potions of lignification {unknown}
 p - a potion of agility {unknown}
 r - 2 potions of cancellation
 z - a potion of brilliance {unknown}
 B - a potion of magic {unknown}
 D - 2 potions of ambrosia {unknown}
 F - a potion of flight {unknown}
 K - a potion of berserk rage {unknown}
Comestibles
 c - 21 rations


   Skills:
 - Level 3.0(2.8) Fighting
 - Level 7.0(6.7) Dodging
 - Level 4.1(3.8) Stealth
 - Level 5.0(4.7) Spellcasting
 - Level 6.3(6.0) Conjurations
 + Level 2.8(2.6) Transmutations
 - Level 6.7(6.4) Fire Magic
 + Level 2.8(2.5) Earth Magic
 + Level 2.8(2.5) Evocations


You couldn't memorise any spells.
You knew the following spells:

 Your Spells              Type           Power        Failure   Level  Hunger
a - Flame Tongue          Conj/Fire      #####        1%          1    None
b - Conjure Flame         Conj/Fire      #####...     5%          3    ##.....
c - Sticky Flame          Conj/Fire      #####...     19%         4    ####...
d - Fireball              Conj/Fire      #####.....   45%         5    #####..
e - Passwall              Tmut/Erth      ###.....     13%         2    None
f - Stone Arrow           Conj/Erth      ####..       13%         3    ##.....

Your spell library contained the following spells:

 Spells                   Type           Power        Failure   Level  Hunger
 Sting                    Conj/Pois      ###.         7%          1    None
 Throw Flame              Conj/Fire      #####.       2%          2    None
 Sandblast                Erth           ###...       9%          1    None
 Inner Flame              Hex/Fire       ###.....     21%         3    ##.....
 Petrify                  Tmut/Erth      ###.....     65%         4    ####...
 Lee's Rapid Deconstruct  Erth           ###.......   94%         5    #####..


Dungeon Overview and Level Annotations

Branches:
Dungeon (8/15)             Temple (1/1) D:6
   Lair: D:8-11

Altars:
Ashenzari
Cheibriados
Dithmenos
Elyvilon
Fedhas
Gozag
Hepliaklqana
Kikubaaqudgha
Makhleb
Nemelex Xobeh
Okawaru
Qazlal
Ru
Sif Muna
Trog
Uskayaw
Vehumet
Wu Jian
Xom
Yredelemnul
Zin
The Shining One

Annotations:
D:3 2 transporters, exclusion: downstairs
D:5 1 runed translucent door, skumtomte's ghost, novice DEFE
D:7 exclusion: 2 downstairs
D:8 Erica


Message History

* * * LOW HITPOINT WARNING * * *
You feel drained.
* * * LOW HITPOINT WARNING * * *
You see here an arrow.
Unknown command.
Casting: Conjure Flame (safe; 5% risk of failure)
Confirm with . or Enter, or press ? or * to list all spells.
Aiming: Conjure Flame (safe; 5% risk of failure)
Press: ? - help, Dir - move target cursor, f - centaur warrior
Aim: a centaur warrior, wielding the +2 quarterstaff of Prescription {drain, rPois}
Okay, then.
Casting: Conjure Flame (safe; 5% risk of failure)
Confirm with . or Enter, or press ? or * to list all spells.
Aiming: Sticky Flame (slightly dangerous; 19% risk of failure)
Press: ? - help, Shift-Dir - straight line, f - centaur warrior
Aim: a centaur warrior, wielding the +2 quarterstaff of Prescription {drain, rPois} You miscast Sticky Flame.
You resist.
You are blasted with fire.
You die...

.<.....##..##.....##
)......###..#......#
.)......#...##.....#
..)................#
.).......#....#...##
........#.....#...####
..................(..#
#.........####...((..###
#.........####..@......#
...........#...c..........
........†......#..........
......[........##.###..#..
...............#..# .....
..................# #....
..................# ....
..............#...#
..............##....


You could see a centaur warrior.

Vanquished Creatures
  A hungry ghost (D:8)
  3 sky beasts
  3 ogres
  5 bullfrogs
  A water moccasin zombie (D:5)
  2 scorpions
  A crimson imp (D:6)
  A quasit (D:6)
  2 bullfrog skeletons
  A centaur zombie (D:6)
  An orc priest (D:6)
  7 hounds
  A jelly (D:5)
  3 iguanas
  Natasha (thrice) (D:3)
  10 orc wizards
  2 worker ants
  2 hound skeletons
  A worker ant zombie (D:4)
  6 adders
  4 gnolls (D:8)
  A shadow imp (D:6)
  3 oozes
  An adder skeleton (D:4)
  2 worms
  2 dart slugs
  7 leopard geckos
  25 orcs
  6 giant cockroaches
  2 goblins
  6 hobgoblins
  17 jackals
  5 quokkas
  11 ball pythons
  6 bats
  12 frilled lizards
  A giant cockroach zombie (D:5)
  A jackal skeleton (D:7)
  4 kobolds
  A quokka skeleton (D:6)
  A quokka zombie (D:3)
  4 rats
178 creatures vanquished.

Notes
Turn   | Place    | Note
-------+----------+-------------------------------------------
     0 | D:1      | KapersCrawl the Deep Elf Fire Elementalist began the quest
                  | for the Orb.
     0 | D:1      | Reached XP level 1. HP: 10/10 MP: 6/6
   149 | D:1      | Reached XP level 2. HP: 15/15 MP: 6/8
   900 | D:2      | Reached skill level 3 in Dodging
   964 | D:2      | Reached XP level 3. HP: 19/19 MP: 5/9
  1143 | D:2      | Found a white marble altar of Elyvilon.
  1177 | D:2      | Learned a level 3 spell: Conjure Flame
  1717 | D:2      | Reached XP level 4. HP: 24/24 MP: 7/10
  1746 | D:2      | Learned a level 4 spell: Sticky Flame
  1800 | D:3      | Found an opulent altar of Gozag.
  1809 | D:3      | Found a transporter.
  1827 | D:3      | Found a transporter.
  2035 | D:3      | Found a faded altar of an unknown god.
  2520 | D:3      | Noticed Natasha
  2528 | D:3      | Killed Natasha
  2809 | D:3      | Found a transporter.
  2816 | D:3      | Found a transporter.
  2827 | D:3      | Found an opulent altar of Gozag.
  2865 | D:3      | Noticed Natasha
  2874 | D:3      | Killed Natasha
  2874 | D:3      | Reached XP level 5. HP: 18/28 MP: 2/12
  3147 | D:3      | Found a faded altar of an unknown god.
  3562 | D:3      | Found a faded altar of an unknown god.
  3623 | D:3      | Noticed Natasha
  3634 | D:3      | Killed Natasha
  3783 | D:3      | Found an opulent altar of Gozag.
  3784 | D:3      | Found a transporter.
  3809 | D:3      | Found a transporter.
  4140 | D:4      | Reached skill level 4 in Dodging
  4160 | D:4      | Noticed an ogre
  4187 | D:4      | Killed an ogre
  4264 | D:4      | Noticed an ogre
  4271 | D:4      | Found a glowing drain.
  4297 | Sewer    | Entered a sewer
  4340 | Sewer    | Reached XP level 6. HP: 26/32 MP: 14/14
  4891 | D:4      | Reached skill level 1 in Fighting
  5115 | D:4      | Reached skill level 5 in Dodging
  5172 | D:4      | Reached XP level 7. HP: 38/38 MP: 13/15
  5756 | D:4      | Reached skill level 5 in Fire Magic
  5959 | D:5      | Entered Level 5 of the Dungeon
  6481 | D:5      | Reached skill level 6 in Dodging
  6481 | D:5      | Reached skill level 5 in Conjurations
  6650 | D:5      | Reached XP level 8. HP: 42/45 MP: 12/16
  6706 | D:5      | Found a runed translucent door.
  6706 | D:5      | Noticed skumtomte's ghost (novice DEFE)
  6731 | D:5      | Found a shimmering altar of Xom.
  7821 | D:6      | Found a staircase to the Ecumenical Temple.
  7920 | Temple   | Entered the Ecumenical Temple
  8233 | Temple   | Became a worshipper of Vehumet
  8364 | D:6      | Reached skill level 5 in Spellcasting
  8652 | D:6      | Reached skill level 7 in Dodging
  8956 | D:6      | Learned a level 5 spell: Fireball
  8959 | D:6      | Learned a level 2 spell: Passwall
  9325 | D:7      | Reached skill level 1 in Transmutations
  9325 | D:7      | Reached skill level 1 in Earth Magic
  9325 | D:7      | Reached skill level 1 in Evocations
  9904 | D:8      | Reached XP level 9. HP: 48/50 MP: 1/18
 10114 | D:8      | Reached * piety under Vehumet
 10114 | D:8      | Offered knowledge of Sting by Vehumet.
 10318 | D:8      | Learned a level 3 spell: Stone Arrow
 10495 | D:8      | Identified the +2 quarterstaff of Prescription {drain,
                  | rPois}
 10495 | D:8      | Noticed a centaur warrior
 10540 | D:8      | Noticed Erica
 10645 | D:8      | Killed by miscasting Sticky Flame

Levels and vault maps discovered:
D:1:      kilobyte_arrival_exit_the_forest, layout_rooms
D:2:      layout_basic, lemuel_crystal_altar
D:3:      gammafunk_steamed_eel, layout_loops_corners,
          chequers_ecumenical_altar_simple, first_ration, lemuel_altar_in_water,
          uniq_natasha
D:4:      layout_basic, cheibrodos_sewer_entry_drain
D:5:      layout_basic, basic_altar, gammafunk_ghost_grave,
          hangedman_abyss_or_decor_lesser_grid, serial_bayou_ford_a
D:6:      layout_basic, minmay_temple_entry_butterflies
D:7:      layout_basic, abandoned_shop
D:8:      minmay_the_grid_square_5x5_3x3
          [minmay_the_grid_square_5x5_three_small,
          minmay_the_grid_square_5x5_checkered_sparse,
          minmay_the_grid_square_5x5_mess, minmay_the_grid_square_5x5_two_small,
          minmay_the_grid_square_5x5_megaprize_checkered,
          minmay_the_grid_square_5x5_six,
          minmay_the_grid_square_5x5_three_walls,
          minmay_the_grid_square_5x5_inner_i,
          minmay_the_grid_square_5x5_moneybag], layout_cave_pools,
          lair_entry_dummy, uniq_erica
Temple:   compressed_dpeg_triangle_lava_temple

Skill      XL: |  1  2  3  4  5  6  7  8  9 |
---------------+----------------------------+-----
Stealth        | 3 4 |  4.1
Dodging        | 3 4 5 6 7 |  7.0
Conjurations   | 2 3 4 5 6 |  6.3
Fire Magic     | 4 5 6 |  6.7
Spellcasting   | 4 5 |  5.0
Fighting       | 1 2 3 |  3.0
Transmutations | 1 2 |  2.8
Earth Magic    | 1 2 |  2.8
Evocations     | 1 2 |  2.8

Action                   |  1- 3 |  4- 6 |  7- 9 || total
-------------------------+-------+-------+-------++-------
 Fire: Hunting sling     |    39 |    85 |   295 ||   419
 Cast: Flame Tongue      |    54 |    78 |   194 ||   326
       Conjure Flame     |       |     7 |    12 ||    19
       Sticky Flame      |       |       |    10 ||    10
  Use: Scroll            |       |    12 |     1 ||    13
       Potion            |       |       |     1 ||     1
  Eat: Chunk             |     2 |    11 |    17 ||    30
       Ration            |       |       |     1 ||     1
Armor: Robe              |     3 |    17 |    15 ||    35
       Ring mail         |       |       |    27 ||    27
Dodge: Dodged            |     9 |    56 |   105 ||   170

Table legend:
 A = Non-vault XP
 B = Vault XP
 C = Vault XP percentage of total XP
 D = Non-vault monster count
 E = Vault monster count
 F = Vault count percentage of total count
                 A         B        C        D         E       F
            +---------+---------+-------+---------+---------+-------
      Total |    3130 |     178 |   5.4 |     157 |      21 |  11.8
            +---------+---------+-------+---------+---------+-------
        D:1 |      24 |       0 |   0.0 |      12 |       0 |   0.0
        D:2 |      75 |       0 |   0.0 |      30 |       0 |   0.0
        D:3 |     130 |      35 |  21.2 |      14 |       1 |   6.7
        D:4 |     632 |       6 |   0.9 |      24 |       2 |   7.7
        D:5 |     514 |       0 |   0.0 |      26 |       0 |   0.0
        D:6 |     902 |       0 |   0.0 |      35 |       0 |   0.0
        D:7 |     249 |       0 |   0.0 |       5 |       0 |   0.0
        D:8 |     604 |       0 |   0.0 |      11 |       0 |   0.0
      Sewer |       0 |     137 | 100.0 |       0 |      18 | 100.0
            +---------+---------+-------+---------+---------+-------
